 Dungeon Crawl Stone Soup version 0.22-a0-782-g038298e (webtiles) character file.

9 sking99 the Sneak (level 2, -2/13 HPs)
             Began as a Spriggan Enchanter on July 20, 2018.
             Slain by a jackal (3 damage)
             ... on level 1 of the Dungeon.
             The game lasted 00:01:53 (359 turns).

sking99 the Sneak (Spriggan Enchanter)               Turns: 359, Time: 00:01:54

Health: -2/13      AC:  2    Str:  4    XL:     2   Next: 3%
Magic:  2/6        EV: 18    Int: 16    God:
Gold:   0          SH:  0    Dex: 16    Spells: 5/6 levels left

rFire    . . .     SeeInvis +   a - +1 dagger
rCold    . . .     Gourm    .   (shield restricted)
rNeg     . . .     Faith    .   b - +0 robe
rPois    .         Spirit   .   (helmet restricted)
rElec    .         Reflect  .   (no cloak)
rCorr    .         Harm     .   (gloves unavailable)
MR       .....                  (boots unavailable)
Stlth    +++.......             (no amulet)
HPRegen  0.04/turn              (no ring)
MPRegen  0.10/turn              (no ring)

@: very quick
A: very small, unfitting armour, see invisible, herbivore, speed 3, slow
metabolism 2
a: no special abilities


You were on level 1 of the Dungeon.
You were not hungry.

You visited 1 branch of the dungeon, and saw 1 of its levels.

Inventory:

Hand Weapons
 a - a +1 dagger (weapon)
Armour
 b - a +0 robe (worn)
Comestibles
 d - 2 rations


   Skills:
 + Level 1.5 Short Blades
 - Level 3.0 Dodging
 + Level 4.6 Stealth
 + Level 2.9 Spellcasting
 + Level 3.8 Hexes


You had 5 spell levels left.
You knew the following spells:

 Your Spells              Type           Power        Failure   Level  Hunger
a - Corona                Hex            ##.....      4%          1    #......

Your spell library contained the following spells:

 Spells                   Type           Power        Failure   Level  Hunger
 Confuse                  Hex            ##......     12%         3    ###....
 Tukima's Dance           Hex            ##......     12%         3    ###....
 Ensorcelled Hibernation  Hex/Ice        #.....       13%         2    ##.....
 Dazzling Spray           Conj/Hex       #.....       26%         3    ###....


Dungeon Overview and Level Annotations

Branches:
Dungeon (1/15)

Altars:


Innate Abilities, Weirdness & Mutations

You are very small and have problems with some larger weapons.
You are too small for most types of armour.
You have supernaturally acute eyesight. (SInv)
You are a herbivore.
You cover ground extremely quickly.
You need to consume almost no food.


Message History

The jackal completely misses you. x2
You hit the jackal.
You kill the jackal!
You have reached level 2!
The jackal completely misses you.
Casting: Corona (safe; 4% risk of failure)
Confirm with . or Enter, or press ? or * to list all spells.
Aiming: Corona (safe; 4% risk of failure)
Press: ? - help, Shift-Dir - straight line, f - jackal
Aim: a jackal (chance to defeat MR: 68%)
The jackal is outlined in light.
The jackal barely misses you. x2
The jackal misses you. x2
You hit the jackal.
The jackal is moderately wounded.
The jackal completely misses you. The jackal bites you.
* * * LOW HITPOINT WARNING * * *
You closely miss the jackal.
The jackal is moderately wounded.
The jackal bites you.
You die...

#........
####........
............
......h.....
.....?...... ######
######hhh# #..†.#
#....#...# #.>h.#
#.<..#..h#
#.†h@##+##h)).##'##
##'###h..##'###...###
#..hhh..')÷÷.'...'..
##.###..##.#.#.h.#..
#......#.h#....#...
###..#...###h....#.
#.....##..sh#....
#......h#..#..##.
###.#.....##.#...


You could see 2 jackals.

Vanquished Creatures
  2 hobgoblins (D:1)
  3 jackals (D:1)
  A frilled lizard (D:1)
  A goblin (D:1)
  A rat (D:1)
8 creatures vanquished.

Notes
Turn   | Place    | Note
-------+----------+-------------------------------------------
     0 | D:1      | sking99 the Spriggan Enchanter began the quest for the Orb.
     0 | D:1      | Reached XP level 1. HP: 9/9 MP: 5/5
   356 | D:1      | Reached XP level 2. HP: 2/13 MP: 3/6
   359 | D:1      | Slain by a jackal

Vault maps used:
D:1:      arrival_zaba_pyramid, minmay_pentomino_t2

Action                   || total
-------------------------++-------
Melee: Dagger            ||    48
 Cast: Corona            ||    10
 Stab: Sleeping          ||     1
Armor: Robe              ||     8
Dodge: Dodged            ||    71

Table legend:
 A = Spawn XP
 B = Non-spawn XP
 C = Spawn XP percentage of total XP
 D = Spawn monster count
 E = Non-spawn monster count
 F = Spawn count percentage of total count
 G = Total turns spent on level
                    A         B        C        D         E        F      G
               +---------+---------+-------+---------+---------+-------+---------
         Total |       0 |      13 |   0.0 |       0 |       8 |   0.0 |   359
               +---------+---------+-------+---------+---------+-------+---------
           D:1 |       0 |      13 |   0.0 |       0 |       8 |   0.0 |   359
               +---------+---------+-------+---------+---------+-------+---------
